 Dungeon Crawl Stone Soup version 0.24-a0-462-ge24419a6ad (console) character file.

Game seed: 8981792028516351453

410 Lexodia the Fortune-Teller (level 6, -3/47 HPs)
             Began as a Demonspawn Fighter on July 2, 2019.
             Was a Believer of Nemelex Xobeh.
             Slain by a wyvern skeleton (13 damage)
             ... on level 4 of the Dungeon.
             The game lasted 00:05:58 (3114 turns).

Lexodia the Fortune-Teller (Demonspawn Fighter)     Turns: 3114, Time: 00:05:59

Health: -3/47      AC:  7    Str: 18    XL:     6   Next: 58%
Magic:  9/9        EV:  7    Int:  9    God:    Nemelex Xobeh [**....]
Gold:   215        SH: 10    Dex: 13    Spells: 5/5 levels left

rFire    . . .     SeeInvis .   a - +0 war axe
rCold    . . .     Gourm    .   c - +1 shield
rNeg     . . .     Faith    .   b - +0 scale mail
rPois    .         Spirit   .   (helmet restricted)
rElec    .         Reflect  .   (no cloak)
rCorr    .         Harm     .   g - +0 pair of gloves
MR       .....                  (no boots)
Stlth    ..........             (no amulet)
HPRegen  0.15/turn              (no ring)
MPRegen  0.11/turn              (no ring)

@: no status effects
A: horns 2, talons 1, powered by pain 1
a: Draw Escape, Draw Destruction, Draw Summoning, Renounce Religion


You were on level 4 of the Dungeon.
You worshipped Nemelex Xobeh.
Nemelex Xobeh was pleased with you.
You were not hungry.

You visited 1 branch of the dungeon, and saw 4 of its levels.

You collected 215 gold pieces.

Inventory:

Hand Weapons
 a - a +0 war axe (weapon)
Armour
 b - a +0 scale mail (worn)
 c - a +1 shield (worn)
 g - a +0 pair of gloves (worn)
Jewellery
 t - an uncursed amulet of harm {unknown}
Scrolls
 i - 2 scrolls of remove curse
 j - 2 scrolls of immolation
 k - 3 scrolls of magic mapping
 p - a scroll of amnesia
Potions
 e - 2 potions of flight
 l - a potion of heal wounds
 n - a potion of lignification
 o - 2 potions of brilliance
 r - a potion of haste
Comestibles
 f - 8 rations
 u - 5 chunks of flesh


   Skills:
 - Level 3.2 Fighting
 - Level 2.2 Axes
 - Level 3.0 Armour
 + Level 4.3 Shields
 + Level 2.7 Unarmed Combat
 * Level 4.9 Invocations


You had 5 spell levels left.
You didn't know any spells.
Your spell library was empty.

Dungeon Overview and Level Annotations

Branches:
Dungeon (4/15)
 Temple: D:4-7

Altars:
Nemelex Xobeh
Okawaru
Vehumet
Zin


Innate Abilities, Weirdness & Mutations

You have a pair of horns on your head.
You have sharp toenails.
You sometimes gain a little power by taking damage.


Message History

You hit the wyvern skeleton.
You claw the wyvern skeleton, but do no damage.
The wyvern skeleton is moderately damaged.
You block the wyvern skeleton's attack. The wyvern skeleton bites you.
* * * LOW HITPOINT WARNING * * *
Damage: -2%(-1hp) hp: 30%(14hp) Unknown command.
Unknown command.
You slash the wyvern skeleton! You headbutt the wyvern skeleton!
The wyvern skeleton is almost destroyed.
You feel sick.
You are no longer poisoned.
The wyvern skeleton closely misses you. The wyvern skeleton bites you.
* * * LOW HITPOINT WARNING * * *
Huge Dmg: -8%(-4hp) hp: 22%(10hp)
You hit the wyvern skeleton. You headbutt the wyvern skeleton.
The wyvern skeleton is almost destroyed.
You block the wyvern skeleton's attack. The wyvern skeleton bites you!
You die...
Your body disappears without a glow.

## #.....#####....## **,,,,,,,,,
*#.......#.......###.,,,,,,,,,
**#..#.................**,,,,,,,
*#....####............##***,,,,,,
#.....# ###...........# *,,,,,,
.Z....# #...........# **,,,,,
......* #...........# **,,,,
....,,* ##...Z......#* **,,,
,,,,,,* #.....@.....# **,,
,,,,,,* #..........## *** ,,,,,,*
#.........##***** ,,,,,,*
#...........,,,,* .,,,,,*
#...#####+###**,* .,,,,,*
#...,**,,,,,**,,* .**,,,*
####,,**,,,**,,** #***,,*
**,,**∩**,,** # **** **..#*#,,**


You could see a wyvern skeleton.

Vanquished Creatures
  2 ogres (D:4)
  Jessica (D:2)
  3 worker ants (D:4)
  A howler monkey zombie (D:2)
  9 adders
  2 worms (D:2)
  A leopard gecko (D:3)
  An orc (D:4)
  5 bats
  A giant cockroach (D:3)
  10 goblins
  4 hobgoblins
  5 jackals (D:1)
  A ball python (D:3)
  5 frilled lizards
  7 kobolds
  3 rats
61 creatures vanquished.

Notes
Turn   | Place    | Note
-------+----------+-------------------------------------------
     0 | D:1      | Lexodia the Demonspawn Fighter began the quest for the Orb.
     0 | D:1      | Reached XP level 1. HP: 18/18 MP: 1/1
    58 | D:1      | Huge Dmg: 4 dmg
   231 | D:1      | Gained mutation: You sometimes gain a little power by
                  | taking damage. [demonic ancestry]
   231 | D:1      | Reached XP level 2. HP: 24/24 MP: 2/2
   665 | D:2      | Gained mutation: You have a pair of small horns on your
                  | head. [demonic ancestry]
   665 | D:2      | Reached XP level 3. HP: 29/29 MP: 3/3
   758 | D:2      | Huge Dmg: 8 dmg
   764 | D:2      | Huge Dmg: 5 dmg
   765 | D:2      | Huge Dmg: 3 dmg
   767 | D:2      | Huge Dmg: 2 dmg
   803 | D:2      | Huge Dmg: 9 dmg
  1086 | D:2      | Found a sparkling altar of Nemelex Xobeh.
  1086 | D:2      | Noticed Jessica
  1091 | D:2      | Killed Jessica
  1091 | D:2      | Reached skill level 1 in Unarmed Combat
  1094 | D:2      | Became a worshipper of Nemelex Xobeh the Trickster
  1192 | D:2      | Gained mutation: You have sharp toenails. [demonic
                  | ancestry]
  1192 | D:2      | Reached XP level 4. HP: 31/35 MP: 4/4
  1215 | D:2      | Reached skill level 1 in Invocations
  1345 | D:2      | Found a glowing silver altar of Zin.
  1550 | D:2      | Received a gift from Nemelex Xobeh
  1833 | D:3      | Gained mutation: You have a pair of horns on your head.
                  | [demonic ancestry]
  1833 | D:3      | Reached XP level 5. HP: 41/41 MP: 6/6
  1860 | D:3      | Reached * piety under Nemelex Xobeh
  1890 | D:3      | Found an iron altar of Okawaru.
  2098 | D:3      | Huge Dmg: 3 dmg
  2626 | D:3      | Found a radiant altar of Vehumet.
  2956 | D:4      | Noticed an ogre
  2960 | D:4      | Killed an ogre
  2960 | D:4      | Reached XP level 6. HP: 47/47 MP: 7/9
  2963 | D:4      | Reached ** piety under Nemelex Xobeh
  3094 | D:4      | Huge Dmg: 8 dmg
  3110 | D:4      | Huge Dmg: 12 dmg
  3110 | D:4      | HP: 2/47 [wyvern skeleton (9)]
  3111 | D:4      | Huge Dmg: 10 dmg
  3114 | D:4      | Huge Dmg: 4 dmg
  3114 | D:4      | Slain by a wyvern skeleton

Levels and vault maps discovered:
D:1:      lemuel_arrival_tunnels, layout_basic
D:2:      layout_loops_ring, zin_statuary, first_ration,
          nemelex_lonely_heart_becter
D:3:      layout_loops_corners, lemuel_doored_altar, grunt_ministairs_6,
          okawaru_trees_1
D:4:      layout_cave_pods, gup_ossuary_entry_pyramid, serial_park_tiny_pond

Skill      XL: |  1  2  3  4  5 |
---------------+----------------+-----
Shields        | 3 4 |  4.3
Axes           | 2 |  2.2
Armour         | 3 |  3.0
Unarmed Combat | 1 2 |  2.7
Invocations    | 2 4 |  4.9
Fighting       | |  3.2

Action                   |  1- 3 |  4- 6 || total
-------------------------+-------+-------++-------
Melee: War axe           |    99 |    85 ||   184
       Headbutt          |     2 |    19 ||    21
       Kick              |       |    23 ||    23
  Use: Potion            |     1 |     2 ||     3
       Scroll            |       |    13 ||    13
  Eat: Chunk             |       |     7 ||     7
Armor: Scale mail        |    67 |    32 ||    99
Dodge: Dodged            |    29 |    26 ||    55
Block: Shield            |    51 |    40 ||    91

Table legend:
 A = Non-vault XP
 B = Vault XP
 C = Vault XP percentage of total XP
 D = Non-vault monster count
 E = Vault monster count
 F = Vault count percentage of total count
                 A         B        C        D         E       F
            +---------+---------+-------+---------+---------+-------
      Total |     535 |      52 |   8.9 |      58 |       3 |   4.9
            +---------+---------+-------+---------+---------+-------
        D:1 |      38 |       0 |   0.0 |      23 |       0 |   0.0
        D:2 |      93 |      37 |  28.5 |      16 |       1 |   5.9
        D:3 |      55 |      15 |  21.4 |      12 |       2 |  14.3
        D:4 |     349 |       0 |   0.0 |       7 |       0 |   0.0
            +---------+---------+-------+---------+---------+-------
